 Dungeon Crawl Stone Soup version 0.29.1-15-g9cfb28693d (webtiles) character file.

Game seed: 14217437702583442437

3513 Peloso the Protected (level 9, 0/79 HPs)
             Began as a Minotaur Fighter on Apr 22, 2023.
             Was a Priest of Okawaru.
             Slain by a shadow (26 damage)
             ... on level 9 of the Dungeon.
             The game lasted 00:11:21 (10345 turns).

Peloso the Protected (Minotaur Fighter)            Turns: 10345, Time: 00:11:21

Health: 0/79       AC: 13    Str: 23    XL:     9   Next: 81%
Magic:  8/8        EV:  8    Int:  5    God:    Okawaru [***...]
Gold:   544        SH: 11    Dex: 18    Spells: 8/8 levels left

rFire   . . .      SeeInvis .   a - +0 long sword (venom)
rCold   . . .      Faith    .   d - +0 kite shield
rNeg    . . .      Spirit   .   c - +0 chain mail
rPois   .          Reflect  .   (helmet restricted)
rElec   .          Harm     .   (no cloak)
rCorr   .          Rampage  .   v - +0 pair of gloves
Will    .....                   (no boots)
Stlth   ..........              (no amulet)
HPRegen 0.23/turn               q - +6 ring of dexterity
MPRegen 0.11/turn               (no ring)

@: no status effects
A: horns 2, retaliatory headbutt
a: Renounce Religion, Heroism


You were on level 9 of the Dungeon.
You worshipped Okawaru.
Okawaru was most pleased with you.
You visited 2 branches of the dungeon, and saw 10 of its levels.

You collected 544 gold pieces.

Inventory:

Hand Weapons
 a - a +0 long sword of venom (weapon)
Missiles
 G - a throwing net (quivered)
Armour
 b - a +0 scale mail
 c - a +0 chain mail (worn)
 d - a +0 kite shield (worn)
 v - a +0 pair of gloves (worn)
Jewellery
 q - a +6 ring of dexterity (left hand)
 A - a +4 ring of evasion
 B - a +6 ring of strength
 H - a ring of willpower
Wands
 w - a wand of paralysis (9)
 z - a wand of roots (12)
 C - a wand of polymorph (9)
Scrolls
 e - a scroll of acquirement
 g - 2 scrolls of poison
 j - 2 scrolls of enchant weapon {unknown}
 l - 4 scrolls of teleportation {unknown}
 n - a scroll of brand weapon
 p - 2 scrolls of enchant armour {unknown}
 s - 3 scrolls of amnesia {unknown}
 t - a scroll of fear {unknown}
 u - a scroll of identify
 y - a scroll of vulnerability {unknown}
 D - 3 scrolls of magic mapping {unknown}
Potions
 f - 3 potions of ambrosia
 h - 4 potions of might
 i - a potion of haste
 k - 2 potions of resistance {unknown}
 m - a potion of attraction {unknown}
 o - a potion of cancellation {unknown}
 r - a potion of degeneration {unknown}
 x - a potion of mutation {unknown}
 E - 3 potions of heal wounds {unknown}
 F - a potion of lignification {unknown}


   Skills:
 + Level 7.2 Fighting
 + Level 9.6 Long Blades
 + Level 10.3 Armour
 + Level 2.8 Dodging
 + Level 0.9 Stealth
 + Level 7.9 Shields
 + Level 0.1 Invocations


You had 8 spell levels left.
You didn't know any spells.
Your spell library contained the following spells:

 Spells                   Type           Power      Damage    Failure   Level
 Ensorcelled Hibernation  Hex/Ice        0%         N/A       100%        2
 Passwall                 Tmut/Erth      0%         N/A       100%        2
 Stone Arrow              Conj/Erth      0%         3d7       100%        3
 Swiftness                Air            0%         N/A       100%        3
 Lehudib's Crystal Spear  Conj/Erth      0%         10d2      100%        8
 Animate Armour           Summ/Erth      Unusable   N/A       N/A         4

Dungeon Overview and Level Annotations

Branches:
Dungeon (9/15)             Temple (1/1) D:4
   Lair: D:8-11         Orc: D:9-12

Altars:
Ashenzari
Cheibriados
Dithmenos
Elyvilon
Fedhas
Gozag
Hepliaklqana
Kikubaaqudgha
Makhleb
Nemelex Xobeh
Okawaru
Qazlal
Ru
Sif Muna
Trog
Uskayaw
Vehumet
Wu Jian
Xom
Yredelemnul
Zin
The Shining One

Shops:
D:2 :   D:5 (

Annotations:
D:2 1 runed translucent door, Crazy Yiuf


Innate Abilities, Weirdness & Mutations

You have a pair of horns on your head.
You reflexively headbutt those who attack you in melee.


Message History

You closely miss the acid dragon.
You headbutt the acid dragon, but do no damage.
The acid dragon is severely wounded.
You block the acid dragon's attack.
The acid dragon claws you but does no damage.
You closely miss the acid dragon.
The acid dragon is severely wounded.
The acid dragon spits acid at you. You block the splash of acid.
You slash the acid dragon!
You kill the acid dragon!
Okawaru accepts your kill.
Your life force feels restored.
The shadow hits you.
You barely miss the shadow. Your headbutt misses the shadow.
The shadow barely misses you. You furiously retaliate!
You headbutt the shadow, but do no damage.
You closely miss the shadow. The shadow hits you.
You hit the shadow. Your headbutt misses the shadow.
The shadow is lightly damaged.
The shadow slips into darkness.
The shadow flickers and vanishes!
Deactivating autopickup; reactivate with Ctrl-A.
You hit something but do no damage.
The shadow strikes at you from the darkness!
Reactivating autopickup.
You hit the shadow. Your headbutt misses the shadow.
The shadow is moderately damaged.
The shadow hits you.
You slash the shadow!
The shadow is severely damaged.
The shadow hits you.
You closely miss the shadow.
The shadow is severely damaged.
The shadow slips into darkness.
The shadow flickers and vanishes!
Deactivating autopickup; reactivate with Ctrl-A.
You hit something but do no damage. Your headbutt misses something.
The shadow strikes at you from the darkness!
You die...

..####+#.
........# #.......
........#
####.......
........#
...........
........#
.#.........
.........
..........>
........#
..#.####.#.
......{.# #.# #...
#@# #.# #...
#.########.####...
#.................
##########.####...
#.#......
###+#.####+
#..........
#.....####+
#.....##...


There were no monsters in sight!

Vanquished Creatures
  Pikel (D:8)
  2 wyverns (D:8)
  A steam dragon (D:7)
  An acid dragon (D:9)
  2 water moccasins
  2 black bears
  An ice beast (D:6)
  An orc warrior (D:8)
  An ogre (D:5)
  3 lemures
  3 centaurs
  2 bullfrogs (D:6)
  A gnoll sergeant (D:5)
  4 scorpions
  8 wights
  3 hounds
  2 jellies
  3 orc priests
  3 iguanas
  Natasha (thrice) (D:3)
  6 orc wizards
  8 adders
  4 gnolls (D:5)
  A white imp (D:6)
  An ufetubus (D:6)
  2 worms
  3 dart slugs (D:1)
  31 orcs
  11 endoplasms
  A giant cockroach (D:2)
  15 goblins
  10 hobgoblins
  3 jackals (D:1)
  8 kobolds
  5 quokkas
  15 ball pythons
  7 bats
  4 frilled lizards
  3 rats
  4 bushes (D:1)
189 creatures vanquished.

Vanquished Creatures (others)
  6 plants (D:5)
6 creatures vanquished.

Grand Total: 195 creatures vanquished

Notes
Turn   | Place    | Note
-------+----------+-------------------------------------------
     0 | D:1      | Peloso the Minotaur Fighter began the quest for the Orb.
     0 | D:1      | Reached XP level 1. HP: 19/19 MP: 0/0
    67 | D:1      | Reached XP level 2. HP: 17/27 MP: 1/1
   222 | D:1      | Reached skill level 4 in Armour
   647 | D:1      | Identified a scroll of acquirement
   893 | D:1      | Reached XP level 3. HP: 21/33 MP: 2/2
  1350 | D:1      | Reached skill level 1 in Dodging
  2277 | D:2      | Reached XP level 4. HP: 38/40 MP: 3/3
  2498 | D:2      | Found Tumiobua's Book Shoppe.
  2758 | D:2      | Found a runed translucent door.
  2759 | D:2      | Noticed Crazy Yiuf
  3040 | D:3      | Noticed a black bear
  3048 | D:3      | Killed a black bear
  3049 | D:3      | Reached skill level 5 in Armour
  3049 | D:3      | Reached XP level 5. HP: 24/47 MP: 4/4
  3104 | D:3      | Noticed Natasha
  3113 | D:3      | HP: 2/47 [frozen (3)]
  3114 | D:3      | Killed Natasha
  3452 | D:3      | Noticed Natasha
  3465 | D:3      | Killed Natasha
  3972 | D:3      | Reached XP level 6. HP: 22/55 MP: 5/5
  4430 | D:3      | Noticed Natasha
  4437 | D:3      | Killed Natasha
  4570 | D:4      | Reached skill level 6 in Armour
  4629 | D:4      | Reached skill level 5 in Fighting
  4919 | D:4      | Reached skill level 5 in Long Blades
  5145 | D:4      | Found a staircase to the Ecumenical Temple.
  5154 | Temple   | Entered the Ecumenical Temple
  5509 | Temple   | Became a worshipper of Warmaster Okawaru
  5567 | D:5      | Entered Level 5 of the Dungeon
  5576 | D:5      | Reached XP level 7. HP: 62/62 MP: 6/6
  5890 | D:5      | Reached * piety under Okawaru
  6027 | D:5      | Found Xyugiut's Antique Weapon Shop.
  6035 | D:5      | Reached skill level 5 in Shields
  6069 | D:5      | Reached skill level 7 in Armour
  6574 | D:6      | Reached XP level 8. HP: 70/70 MP: 7/7
  7586 | D:7      | Reached ** piety under Okawaru
  7587 | D:7      | Reached skill level 8 in Armour
  8228 | D:7      | Reached XP level 9. HP: 78/78 MP: 8/8
  8413 | D:7      | Reached skill level 9 in Armour
  8792 | D:8      | Noticed a cyclops
  8792 | D:8      | Noticed a troll
  9252 | D:8      | Reached *** piety under Okawaru
  9698 | D:8      | Noticed Pikel
  9721 | D:8      | Killed Pikel
  9884 | D:8      | Found a shimmering altar of Xom.
  9920 | D:8      | Found a broken altar of Ashenzari.
 10002 | D:8      | Reached skill level 10 in Armour
 10345 | D:9      | Slain by a shadow

Illustrated notes

Levels and vault maps discovered:
D:1:      saegor_arrival_simple_a, layout_basic, serial_forest,
          infiniplex_forest_end_1, infiniplex_forest_clump_large,
          infiniplex_forest_end_1, infiniplex_forest_zigzag_2, st_stairs_6,
          nicolae_concentric_dashed_squares_wild, amcnicky_mini_pool_small
D:2:      layout_loops_ring, serial_shops,
          nicolae_shop_competitors_out_of_business, reono_crystal_passage,
          minmay_close_crescents, uniq_crazy_yiuf_cottage
D:3:      layout_basic, dreamdust_wishing_well, uniq_natasha
D:4:      layout_rooms, minmay_temple_entry_poolview, minmay_goblin_outpost
D:5:      layout_rooms, serial_bayou, serial_bayou_shore_b, serial_bayou_ford_a,
          serial_bayou_shore_a, serial_bayou_lagoon_a, serial_bayou_pond_c,
          serial_bayou_shore_b, serial_shops, shop, kennysheep_decorative_pillar
D:6:      layout_cave_pods
D:7:      layout_loops_ring, kennysheep_generic_room_15
D:8:      layout_rooms, xom_teletrap_fun, nicolae_ashenzari_skybound,
          lightli_corner_chamber, uniq_pikel
D:9:      layout_basic, uniq_erica
Temple:   mainiacjoe_temple_cubbyholes

Skill      XL: |  1  2  3  4  5  6  7  8  9 |
---------------+----------------------------+-----
Fighting       | 4 5 6 7 |  7.2
Armour         | 4 5 6 7 8 10 | 10.3
Shields        | 4 5 6 7 |  7.9
Dodging        | 1 2 |  2.8
Long Blades    | 3 4 5 6 8 9 |  9.6
Stealth        | |  0.9
Invocations    | |  0.1

Action                   |  1- 3 |  4- 6 |  7- 9 || total
-------------------------+-------+-------+-------++-------
Melee: Long sword        |   194 |   134 |   237 ||   565
       Headbutt          |    50 |    18 |    45 ||   113
Invok: Heroism           |       |       |     1 ||     1
  Use: Scroll            |     3 |     2 |       ||     5
Armor: Scale mail        |    17 |       |       ||    17
       Chain mail        |    61 |    81 |    81 ||   223
Dodge: Dodged            |    51 |    54 |    77 ||   182
Block: Buckler           |    30 |    38 |     3 ||    71
       Kite shield       |       |       |   146 ||   146
